 Dungeon Crawl Stone Soup version 0.25-a0-632-g7713895373 (webtiles) character file.

Game seed: 16587151066242941089, levelgen mode: deterministic

53 kae the Ruffian (level 3, -1/29 HPs)
             Began as a Draconian Transmuter on Mar 19, 2020.
             Slain by a gnoll
             ... wielding a +0 halberd
              (5 damage)
             ... on level 2 of the Dungeon.
             The game lasted 00:00:54 (1320 turns).

kae the Ruffian (Draconian Transmuter)              Turns: 1320, Time: 00:00:54

Health: -1/29      AC:  5    Str: 12    XL:     3   Next: 64%
Magic:  6/6        EV: 12    Int: 14    God:
Gold:   136        SH:  0    Dex: 11    Spells: 0/6 levels left

rFire    + + .     SeeInvis .     - Unarmed
rCold    + + .     Gourm    .   (no shield)
rNeg     . . .     Faith    .   (armour unavailable)
rPois    +         Spirit   .   (helmet restricted)
rElec    +         Reflect  .   f - scarf {rC+ rF+}
rCorr    +         Harm     .   (no gloves)
MR       .....                  (no boots)
Stlth    +.........             (no amulet)
HPRegen  0.09/turn              (no ring)
MPRegen  0.10/turn              (no ring)

@: resistant
A: unfitting armour, cold-blooded, AC +5
a: no special abilities


You were on level 2 of the Dungeon.
You were hungry.

You visited 1 branch of the dungeon, and saw 2 of its levels.

You collected 136 gold pieces.

Inventory:

Missiles
 a - 32 arrows
Armour
 f - a scarf of resistance (worn)
Jewellery
 b - a +2 amulet of reflection {unknown}
 d - an uncursed ring of poison resistance {unknown}
Scrolls
 g - a scroll of identify {unknown}
 h - 2 scrolls of remove curse {unknown}
 i - a scroll of enchant armour {unknown}
Potions
 j - a potion of heal wounds {unknown}
Comestibles
 c - 3 rations


   Skills:
 + Level 2.0 Fighting
 + Level 2.2 Dodging
 + Level 3.3 Unarmed Combat
 + Level 2.4 Spellcasting
 + Level 2.5 Transmutations


You couldn't memorise any spells.
You knew the following spells:

 Your Spells              Type           Power        Failure   Level  Hunger
a - Beastly Appendage     Tmut           #.....       9%          1    #......
b - Sticks to Snakes      Tmut           #.......     12%         2    ###....
c - Spider Form           Tmut/Pois      #.........   38%         3    ###....

Your spell library contained the following spells:

 Spells                   Type           Power        Failure   Level  Hunger
 Ice Form                 Ice/Tmut       #.......     80%         4    #####..
 Blade Hands              Tmut           #.........   92%         5    ######.


Dungeon Overview and Level Annotations

Branches:
Dungeon (2/15)

Altars:


Innate Abilities, Weirdness & Mutations

Your plain brown scales are hard. (AC +5)
You cannot fit into any form of body armour.
You are cold-blooded and may be slowed by cold attacks.


Message History

The gnoll is moderately wounded.
The gnoll barely misses you. The gnoll hits you with a +0 club.
You closely miss the gnoll.
The gnoll is moderately wounded.
The gnoll barely misses you.
You barely miss the gnoll.
The gnoll is moderately wounded.
The gnoll misses you.
The gnoll hits you from afar with a +0 halberd!
Ouch! That really hurt!
You are too injured to fight recklessly!
You are too injured to fight recklessly!
You are too injured to fight recklessly!
You are too injured to fight recklessly!
It was a potion of resistance.
You feel protected. The gnoll hits you with a +0 club.
* * * LOW HITPOINT WARNING * * *
The gnoll hits you from afar with a +0 halberd.
You die...

#.............##
#####..####.##.##.##
#...........##.##.##
#.##....######......
#g#.....# #.#####
#.#.....# #.#
#.#.....# #.# #
#g##....# #.# #
#.g@....# ... #
####.#### ... # #.#
.. # #.# # #.# # #.#
# #.# #.# #.#
#######


You could see 2 gnolls.

Vanquished Creatures
  2 adders (D:2)
  A leopard gecko (D:1)
  5 bats
  3 giant cockroaches
  3 goblins
  4 hobgoblins
  3 jackals (D:1)
  6 kobolds
  A frilled lizard (D:1)
  A quokka skeleton (D:2)
  5 rats
34 creatures vanquished.

Notes
Turn   | Place    | Note
-------+----------+-------------------------------------------
     0 | D:1      | kae the Draconian Transmuter began the quest for the Orb.
     0 | D:1      | Reached XP level 1. HP: 16/16 MP: 3/3
   140 | D:1      | Reached XP level 2. HP: 22/23 MP: 3/5
   600 | D:2      | Reached XP level 3. HP: 20/29 MP: 6/6
   954 | D:2      | Learned a level 2 spell: Sticks to Snakes
   958 | D:2      | Learned a level 3 spell: Spider Form
  1320 | D:2      | Slain by a gnoll

Levels and vault maps discovered:
D:1:      zelgadis_glass_arrival_large, layout_basic
D:2:      layout_loops_cross

Skill      XL: |  1  2  3 |
---------------+----------+-----
Dodging        | 2 |  2.2
Fighting       | 2 |  2.0
Unarmed Combat | |  3.3
Spellcasting   | |  2.4
Transmutations | |  2.5

Action                   || total
-------------------------++-------
Melee: Unarmed           ||   111
       Headbutt          ||     6
       Tailslap          ||     9
       Kick              ||     3
       Punch             ||     1
 Cast: Beastly Appendage ||    20
  Use: Potion            ||     1
 Stab: Sleeping          ||     1
  Eat: Chunk             ||     1
Armor: Skin              ||    45
Dodge: Dodged            ||    87

Table legend:
 A = Non-vault XP
 B = Vault XP
 C = Vault XP percentage of total XP
 D = Non-vault monster count
 E = Vault monster count
 F = Vault count percentage of total count
                 A         B        C        D         E       F
            +---------+---------+-------+---------+---------+-------
      Total |      77 |       0 |   0.0 |      34 |       0 |   0.0
            +---------+---------+-------+---------+---------+-------
        D:1 |      33 |       0 |   0.0 |      20 |       0 |   0.0
        D:2 |      44 |       0 |   0.0 |      14 |       0 |   0.0
            +---------+---------+-------+---------+---------+-------
